AoeStats
← dartzepyon

Arabia

509746820Analyzed
1v1 RM · 4d ago on Sep 27, 2026· 39m 57s· 2 players
Game mode
Random Map
Map size
Tiny (2 player)
Population
200
Speed
Normal
Resources
Standard
Victory
Conquest
Starting age
Dark Age
Ending age
Imperial Age
RankedLock teamsTeams togetherTeam positionsShared explorationLock speedFull tech treeHidden civsTurbo modeCheats
Victory
Defeat
🇨🇱 Danes · Chile
665
+15
🇵🇪 Magyars · Peru
641
-15
dartzepyon
6:40 Loom
11:05 Feudal Age
12:32 Wheelbarrow
11:45 Double-Bit Axe
13:04 Man-at-Arms
21:57 Fletching
24:33 Castle Age
26:58 Bodkin Arrow
27:45 Bloodlines
26:56 Light Cavalry
29:41 Town Watch
30:30 Scale Barding Armor
30:51 Horse Collar
32:39 Hand Cart
35:59 Town Patrol
36:34 Heavy Plow
37:17 Husbandry
JTA.KZANOVA
5:32 Loom
10:46 Feudal Age
11:23 Double-Bit Axe
19:10 Bloodlines
20:44 Scale Barding Armor
21:52 Padded Archer Armor
22:03 Forging
24:05 Fletching
25:31 Wheelbarrow
29:35 Castle Age
30:17 Husbandry
29:48 Elite Skirmisher
30:48 Gambesons
32:34 Squires
36:01 Hand Cart
37:21 Town Watch
Connection lost

Rejoining the realm…

Still unreachable

The connection could not be restored.

Session expired

The server has moved on; the page needs a fresh start.